 Dungeon Crawl Stone Soup version 0.21-a0-504-g2eda33064f (webtiles) character file.

169 Kaname the Conjurer (level 5, -8/35 HPs)
             Began as a Demonspawn Wizard on Nov 26, 2017.
             Mangled by an ogre
             ... wielding a +0 giant club
              (22 damage)
             ... on level 4 of the Dungeon.
             The game lasted 00:08:11 (3323 turns).

Kaname the Conjurer (Demonspawn Wizard)             Turns: 3323, Time: 00:08:12

Health: -8/35      AC:  6    Str:  8    XL:     5   Next: 25%
Magic:  1/9        EV: 11    Int: 20    God:
Gold:   140        SH:  0    Dex: 11    Spells: 1/10 levels left

rFire    + . .     SeeInvis .   p - +2 whip (elec)
rCold    + . .     Gourm    .   (no shield)
rNeg     . . .     Faith    .   v - +0 leather armour {rC+}
rPois    .         Spirit   .   n - +2 hat
rElec    .         Reflect  .   (no cloak)
rCorr    .         Harm     .   (no gloves)
MR       +....                  f - +0 pair of boots
Stlth    +.........             (no amulet)
HPRegen  0.11/turn              h - ring of protection from magic
MPRegen  0.11/turn              (no ring)

@: very slightly contaminated
A: fire resistance 1, powered by death 1, flame cloud immunity
a: no special abilities


You were on level 4 of the Dungeon.
You were hungry.

You visited 1 branch of the dungeon, and saw 4 of its levels.

You collected 140 gold pieces.

Inventory:

Hand Weapons
 p - a +2 whip of electrocution (weapon)
 t - a +0 great sword of holy wrath
Armour
 f - a +0 pair of boots (worn)
 n - a +2 hat (worn)
 v - a +0 leather armour of cold resistance (worn)
Jewellery
 h - a ring of protection from magic (left hand)
Scrolls
 a - a scroll of noise {unknown}
 b - 2 scrolls of amnesia {unknown}
 c - a scroll of enchant weapon {unknown}
 e - a scroll of fog {unknown}
 j - 2 scrolls of enchant armour {unknown}
 k - 2 scrolls of identify {unknown}
 l - 3 scrolls of teleportation {unknown}
 m - 3 scrolls of remove curse {unknown}
 q - a scroll of immolation {unknown}
 r - a scroll of magic mapping {unknown}
Potions
 g - 2 potions of curing {unknown}
 i - 2 potions of haste {unknown}
 s - a potion of invisibility {unknown}
Comestibles
 d - 2 bread rations
 o - 4 fruits
 u - 9 chunks of flesh
 w - a meat ration


   Skills:
 - Level 1.7 Dodging
 - Level 1.7 Stealth
 - Level 3.0 Spellcasting
 - Level 4.0 Conjurations
   Level 1.0 Summonings
 - Level 1.0 Translocations
 + Level 1.8 Fire Magic
 - Level 1.0 Air Magic
 - Level 1.2 Poison Magic


You had one spell level left.
You knew the following spells:

 Your Spells              Type           Power        Failure   Level  Hunger
a - Magic Dart            Conj           ###.         4%          1    None
b - Blink                 Tloc           N/A          21%         2    ##.....
c - Mephitic Cloud        Conj/Pois/Air  ##......     26%         3    ###....
d - Conjure Flame         Conj/Fire      ##......     19%         3    ###....


Dungeon Overview and Level Annotations

Branches:
Dungeon (4/15)
 Temple: D:4-7

Altars:
Yredelemnul


Innate Abilities, Weirdness & Mutations

Your flesh is heat resistant. (rF+)
You regenerate a little health from kills.
You are immune to clouds of flame.


Message History

Casting: Magic Dart
Confirm with . or Enter, or press ? or * to list all spells.
You miscast Blink.
You are very lightly contaminated with residual magic.
Strange energies run through your body.
You are feeling hungry.
The ogre hits you with a giant club!
Unknown command.
Casting: Blink
Confirm with . or Enter, or press ? or * to list all spells.
Aiming: Mephitic Cloud
Press: ? - help, Shift-Dir - straight line, p - ogre The ball explodes into a vile cloud!
The stinking cloud engulfs the ogre.
The ogre is heavily wounded.
The ogre hits you with a giant club.
Okay, then.
Okay, then.
The ogre hits you with a giant club!!
Ouch! That really hurt!
You die...

.....#
#########.....#
#...<.........#
#........##...#
#...)....# ##
#........#
#........##
#.O........
#..@.....###
##########


You could see an ogre.

Vanquished Creatures
  Jessica (D:3)
  4 gnolls (D:3)
  2 adders
  2 oozes
  2 worms
  2 dart slugs
  A leopard gecko (D:2)
  5 orcs
  3 giant cockroaches
  8 goblins
  8 hobgoblins
  2 jackals (D:1)
  A ball python (D:3)
  8 bats
  A frilled lizard (D:1)
  5 kobolds
  7 rats
62 creatures vanquished.

Notes
Turn   | Place    | Note
-------+----------+-------------------------------------------
     0 | D:1      | Kaname the Demonspawn Wizard began the quest for the Orb.
     0 | D:1      | Reached XP level 1. HP: 13/13 MP: 4/4
   275 | D:1      | Reached skill level 2 in Conjurations
   312 | D:1      | Gained mutation: You regenerate a little health from kills. [demonic ancestry]
   312 | D:1      | Reached XP level 2. HP: 9/19 MP: 0/6
   316 | D:1      | Learned a level 2 spell: Blink
  1202 | D:2      | Reached skill level 3 in Conjurations
  1202 | D:2      | Reached XP level 3. HP: 18/24 MP: 2/7
  1207 | D:2      | Learned a level 3 spell: Mephitic Cloud
  1224 | D:2      | Found a basalt altar of Yredelemnul.
  1251 | D:2      | Reached skill level 1 in Translocations
  1909 | D:2      | Reached skill level 1 in Air Magic
  2057 | D:2      | Reached skill level 1 in Poison Magic
  2428 | D:3      | Gained mutation: Your flesh is heat resistant. (rF+) [demonic ancestry]
  2428 | D:3      | Reached XP level 4. HP: 25/30 MP: 8/8
  2433 | D:3      | Learned a level 3 spell: Conjure Flame
  2588 | D:3      | Noticed Jessica
  2597 | D:3      | Killed Jessica
  2597 | D:3      | Reached skill level 4 in Conjurations
  3178 | D:3      | Reached skill level 1 in Fire Magic
  3179 | D:3      | Gained mutation: You are immune to clouds of flame. [demonic ancestry]
  3179 | D:3      | Reached XP level 5. HP: 30/35 MP: 2/9
  3307 | D:4      | Noticed an ogre
  3323 | D:4      | Mangled by an ogre

Vault maps used:
D:1:      minmay_arrival_doors, minmay_domino_4
D:2:      first_bread, yredelemnul_altar_generic
D:3:      uniq_jessica

Skill      XL: |  1  2  3  4 |
---------------+-------------+-----
Conjurations   | 2 3 4 |  4.0
Translocations | 1 |  1.0
Air Magic      | 1 |  1.0
Poison Magic   | 1 |  1.2
Fire Magic     | 1 |  1.8
Dodging        | |  1.7
Stealth        | |  1.7
Spellcasting   | |  3.0
Summonings     | |  1.0

Action                   |  1- 3 |  4- 6 || total
-------------------------+-------+-------++-------
Melee: Dagger            |    23 |       ||    23
       Unarmed           |     2 |       ||     2
       Spear             |    47 |       ||    47
       Whip              |     8 |    53 ||    61
 Cast: Magic Dart        |    93 |    36 ||   129
       Mephitic Cloud    |       |     1 ||     1
 Stab: Sleeping          |     1 |     1 ||     2
  Eat: Chunk             |     4 |     3 ||     7
Armor: Robe              |    15 |    10 ||    25
       Leather armour    |       |     6 ||     6
Dodge: Dodged            |    42 |    30 ||    72

Table legend:
 A = Spawn XP
 B = Non-spawn XP
 C = Spawn XP percentage of total XP
 D = Spawn monster count
 E = Non-spawn monster count
 F = Spawn count percentage of total count
 G = Total turns spent on level
                    A         B        C        D         E        F      G
               +---------+---------+-------+---------+---------+-------+---------
         Total |       0 |     242 |   0.0 |       0 |      62 |   0.0 |  3323
               +---------+---------+-------+---------+---------+-------+---------
           D:1 |       0 |      34 |   0.0 |       0 |      18 |   0.0 |  1601
           D:2 |       0 |      56 |   0.0 |       0 |      20 |   0.0 |   770
           D:3 |       0 |     149 |   0.0 |       0 |      23 |   0.0 |   924
           D:4 |       0 |       3 |   0.0 |       0 |       1 |   0.0 |    28
               +---------+---------+-------+---------+---------+-------+---------
